 Dungeon Crawl Stone Soup version 0.30.1-9-gdf580d7c3d (webtiles) character file.

Game seed: 5789814001583275922

563 coolio the Conjurer (level 7, -6/46 HPs)
             Began as a Demonspawn Conjurer on Oct 19, 2023.
             Mangled by Prince Ribbit (14 damage)
             ... on level 5 of the Dungeon.
             The game lasted 00:05:46 (4495 turns).

coolio the Conjurer (Demonspawn Conjurer)           Turns: 4495, Time: 00:05:47

Health: -6/46      AC:  3    Str:  7    XL:     7   Next: 10%
Magic:  2/12       EV: 13    Int: 21    God:
Gold:   243        SH:  0    Dex: 14    Spells: 5/13 levels left

rFire   . . .        o - +1 whip (drain)
rCold   . . .        (no shield)
rNeg    . . .        a - +0 robe
rPois   .            (no helmet)
rElec   .            w - scarf {repulsion}
rCorr   .            (no gloves)
SInv    .            e - +0 pair of boots
Will    .....        (no amulet)
Stlth   +++          (no ring)
HPRegen 0.27/turn    (no ring)
MPRegen 0.13/turn

%: repel missiles
@: no status effects
A: hooves 1, thin skeletal structure 1, foul stench 2
a: no special abilities


You were on level 5 of the Dungeon.
You visited 1 branch of the dungeon, and saw 5 of its levels.

You collected 243 gold pieces.

Inventory:

Hand Weapons
 o - a +1 whip of draining (weapon)
Missiles
 n - 2 poisoned darts
Armour
 a - a +0 robe (worn)
 e - a +0 pair of boots (worn)
 w - a scarf of repulsion (worn)
Wands
 t - a wand of polymorph (4)
Scrolls
 d - 3 scrolls of identify {unknown}
 f - 5 scrolls of fear {unknown}
 l - a scroll of magic mapping {unknown}
 p - a scroll of torment {unknown}
 q - 2 scrolls of teleportation {unknown}
 v - a scroll of blinking {unknown}
 x - a scroll of enchant armour {unknown}
 y - 2 scrolls of enchant weapon {unknown}
 z - 2 scrolls of vulnerability {unknown}
 B - a scroll of noise {unknown}
Potions
 b - 2 potions of magic
 c - 2 potions of lignification
 g - a potion of berserk rage {unknown}
 h - 2 potions of attraction {unknown}
 i - a potion of curing {unknown}
 j - a potion of cancellation
 k - 2 potions of flight {unknown}
 m - 2 potions of degeneration {unknown}
 r - 2 potions of might
 s - a potion of brilliance {unknown}
 u - a potion of haste {unknown}
 A - a potion of heal wounds {unknown}


   Skills:
 + Level 3.6 Dodging
 - Level 1.7 Stealth
 + Level 3.8 Spellcasting
 * Level 6.5 Conjurations
 * Level 1.1 Ice Magic
 * Level 1.1 Air Magic


You had 5 spell levels left.
You knew the following spells:

 Your Spells              Type           Power      Damage    Failure   Level
a - Magic Dart            Conj           100%       1d8       1%          1
b - Searing Ray           Conj           62%        2d6       1%          2
c - Freezing Cloud        Conj/Ice/Air   8%         6-21      71%         5

Your spell library contained the following spells:

 Spells                   Type           Power      Damage    Failure   Level
 Dazzling Flash           Conj/Hex       34%        N/A       10%         3
 Slow                     Hex            16%        N/A       12%         1
 Mephitic Cloud           Conj/Pois/Air  14%        N/A       13%         3
 Poisonous Vapours        Pois/Air       12%        N/A       14%         2
 Fulminant Prism          Conj/Hex       8%         3d7       32%         4
 Iskenderun's Mystic Bla  Conj/Tloc      17%        2d5       32%         4
 Confusing Touch          Hex            4%         N/A       36%         3
 Vampiric Draining        Necr           4%         2d6       36%         3
 Alistair's Intoxication  Tmut/Pois      2%         N/A       98%         5
 Borgnjor's Vile Clutch   Necr/Erth      2%         N/A       98%         5
 Eringya's Noxious Bog    Tmut/Pois      2%         N/A       100%        6


Dungeon Overview and Level Annotations

Branches:
Dungeon (5/15)
 Temple: D:4-7

Altars:
Makhleb

Annotations:
D:5 Prince Ribbit


Innate Abilities, Weirdness & Mutations

You have large cloven feet.
You have a somewhat thin skeletal structure. (Dex +2, Stealth+)
You sometimes emit foul miasma when damaged in melee.


Message History

Your Ice Magic skill increases to level 1!
Your Air Magic skill increases to level 1!
You have reached level 7!
Your demonic ancestry asserts itself...
Your foul stench grows more powerful.
Unknown command.
Prince Ribbit comes into view.
Prince Ribbit blinks!
Prince Ribbit blinks!
There is a stone staircase leading down here.
Aiming: Polymorph
Press: ? - help, Shift-Dir - straight line, f - Prince Ribbit
Aim: Prince Ribbit (will become a rime drake, a tengu, or an acid dragon, chance to affect: 31%)
Okay, then.
Unknown command.
Unknown command.
Casting: Searing Ray (safe; 1% risk of failure)
Confirm with . or Enter, or press ? or * to list all spells.
Aiming: Searing Ray (safe; 1% risk of failure)
Press: ? - help, Shift-Dir - straight line, f - Prince Ribbit
Aim: Prince Ribbit (63% to hit)
The searing ray hits Prince Ribbit!
Prince Ribbit is moderately wounded. (Press . to maintain the ray.) Prince Ribbit closely misses you.
Prince Ribbit hits you!
The searing ray hits Prince Ribbit.
Prince Ribbit is moderately wounded.
Prince Ribbit hits you.
The searing ray hits Prince Ribbit!
Prince Ribbit is heavily wounded.
Prince Ribbit hits you!
* * * LOW HITPOINT WARNING * * *
The searing ray hits Prince Ribbit.
Prince Ribbit is severely wounded.
You finish channelling your searing ray.
Prince Ribbit hits you but does no damage.
Prince Ribbit barely misses you.
It was a potion of cancellation.
You feel magically purged. Prince Ribbit hits you!
You die...

#### ..# #.#
#########.####.#.#
##.#.........)....#
#......@##.####.##ยง.
#.......F..#
#.##.##.####
#.##..#.# #.###.#.#
#.###.#.# #.......#
#####.### ####.#


You could see Prince Ribbit.

Vanquished Creatures
  Eustachio (D:5)
  2 scorpions (D:4)
  A howler monkey (D:4)
  A hound (D:5)
  A gnoll bouda (D:4)
  Ijyb (D:3)
  An iguana (D:3)
  5 gnolls
  2 adders (D:3)
  2 worms
  3 dart slugs
  4 orcs (D:3)
  8 ball pythons
  9 bats
  9 endoplasms
  A giant cockroach (D:1)
  7 goblins
  6 hobgoblins
  3 quokkas
  6 frilled lizards
  6 kobolds
  2 rats (D:3)
81 creatures vanquished.

Notes
Turn   | Place    | Note
-------+----------+-------------------------------------------
     0 | D:1      | coolio the Demonspawn Conjurer began the quest for the Orb.
     0 | D:1      | Reached XP level 1. HP: 13/13 MP: 3/3
   220 | D:1      | Gained mutation: You may rarely emit foul miasma when
                  | damaged in melee. [demonic ancestry]
   220 | D:1      | Reached XP level 2. HP: 8/19 MP: 0/5
  1685 | D:2      | Reached XP level 3. HP: 24/24 MP: 4/6
  1858 | D:2      | Learned a level 2 spell: Searing Ray
  2156 | D:2      | Found a faded altar of an unknown god.
  2294 | D:2      | Gained mutation: You have a somewhat thin skeletal
                  | structure. (Dex +2, Stealth+) [demonic ancestry]
  2294 | D:2      | Reached XP level 4. HP: 30/30 MP: 5/7
  2653 | D:3      | Reached skill level 5 in Conjurations
  2793 | D:3      | Noticed Ijyb
  2800 | D:3      | Killed Ijyb
  2924 | D:3      | Gained mutation: You have large cloven feet. [demonic
                  | ancestry]
  2924 | D:3      | Reached XP level 5. HP: 35/35 MP: 7/9
  3076 | D:3      | Found a burning altar of Makhleb.
  3635 | D:4      | Reached XP level 6. HP: 27/41 MP: 1/11
  3835 | D:4      | Reached skill level 6 in Conjurations
  4353 | D:4      | Learned a level 5 spell: Freezing Cloud
  4354 | D:5      | Entered Level 5 of the Dungeon
  4418 | D:5      | Noticed Eustachio
  4443 | D:5      | Killed Eustachio
  4444 | D:5      | Reached skill level 1 in Ice Magic
  4444 | D:5      | Reached skill level 1 in Air Magic
  4444 | D:5      | Gained mutation: You sometimes emit foul miasma when
                  | damaged in melee. [demonic ancestry]
  4444 | D:5      | Reached XP level 7. HP: 18/46 MP: 0/12
  4485 | D:5      | Noticed Prince Ribbit
  4495 | D:5      | Mangled by Prince Ribbit

Illustrated notes

Levels and vault maps discovered:
D:1:      ncdulo_wetmaze, layout_loops_ring, dreamdust_wishing_well,
          kennysheep_nondescript
D:2:      layout_loops_corners, shapermc_ecumenical_altar_acropolis
D:3:      layout_loops_ring, general_overflow_altar, grunt_ministairs_8,
          minmay_joined_circles, uniq_ijyb
D:4:      layout_cave_pools
D:5:      layout_loops_cross, nicolae_sif_muna_condensation,
          mainiacjoe_overflow_paths, minivault_27, uniq_crazy_yiuf_cottage,
          uniq_eustachio, uniq_grinder, uniq_prince_ribbit1

Skill      XL: |  1  2  3  4  5  6 |
---------------+-------------------+-----
Dodging        | 2 3 |  3.6
Conjurations   | 5 6 |  6.5
Spellcasting   | 3 |  3.8
Ice Magic      | 1 |  1.1
Air Magic      | 1 |  1.1
Stealth        | |  1.7

Action                     |  1- 3 |  4- 6 |  7- 9 || total
---------------------------+-------+-------+-------++-------
  Melee: Unarmed           |    13 |       |       ||    13
         Punch             |     1 |       |       ||     1
         Whip              |     1 |    47 |       ||    48
  Throw: Dart              |     3 |       |       ||     3
   Cast: Magic Dart        |    71 |    82 |       ||   153
         Searing Ray       |       |     8 |     1 ||     9
  Evoke: Wand              |       |     2 |       ||     2
    Use: Potion            |       |     1 |     1 ||     2
   Stab: Distracted        |       |     1 |       ||     1
 Armour: Robe              |     2 |    16 |     1 ||    19
         Skin              |       |    18 |       ||    18
  Dodge: Dodged            |    20 |    52 |     2 ||    74
